 Dungeon Crawl Stone Soup version 0.24-a0-7-g1bb0902 (webtiles) character file.

Game seed: 3700682055568671161

30 Lanoc the Skirmisher (level 3, -2/29 HPs)
             Began as a Demonspawn Berserker on Jan 30, 2019.
             Was a Follower of Trog.
             Slain by Robin
             ... wielding a +3 trident of flaming
              (4 damage)
             ... on level 2 of the Dungeon.
             The game lasted 00:01:43 (892 turns).

Lanoc the Skirmisher (Demonspawn Berserker)          Turns: 892, Time: 00:01:43

Health: -2/29      AC:  2    Str: 18    XL:     3   Next: 5%
Magic:  0/3        EV: 12    Int:  8    God:    Trog [*.....]
Gold:   50         SH:  0    Dex: 12    Spells: 2/2 levels left

rFire    . . .     SeeInvis .   a - +0 hand axe
rCold    . . .     Gourm    .   (no shield)
rNeg     . . .     Faith    .   b - +0 animal skin
rPois    .         Spirit   +   (no helmet)
rElec    .         Reflect  .   (no cloak)
rCorr    .         Harm     .   (no gloves)
MR       .....                  (no boots)
Stlth    +.........             (no amulet)
HPRegen  0.09/turn              i - ring of flight
MPRegen  0.08/turn              (no ring)

@: lethally poisoned (-2 -> -23), berserk cooldown, slowed, invisible, very slow
A: magic shield
a: Berserk, Renounce Religion, Evoke Flight


You were on level 2 of the Dungeon.
You worshipped Trog.
Trog was aware of your devotion.
You were near starving.

You visited 1 branch of the dungeon, and saw 2 of its levels.

You collected 50 gold pieces.

Inventory:

Hand Weapons
 a - a +0 hand axe (weapon)
Armour
 b - a +0 animal skin (worn)
Jewellery
 i - a ring of flight (left hand)
Scrolls
 e - 2 scrolls of random uselessness {unknown}
 f - a scroll of magic mapping {unknown}
 g - 3 scrolls of remove curse {unknown}
 h - a scroll of immolation {unknown}
Comestibles
 c - 2 rations


   Skills:
 + Level 3.4 Fighting
 - Level 2.6 Axes
 + Level 2.3 Armour
 + Level 2.3 Dodging


You had 2 spell levels left.
You didn't know any spells.
Your spell library was empty.

Dungeon Overview and Level Annotations

Branches:
Dungeon (2/15)

Altars:

Annotations:
D:2 Robin


Innate Abilities, Weirdness & Mutations

When hurt, damage is shared between your health and your magic reserves.


Message History

You hit the goblin.
You kill the goblin!
Trog accepts your kill.
You closely miss the goblin.
You are no longer berserk.
Trog's vigour flows through your veins.
You are exhausted.
You feel yourself slow down.
* * * LOW HITPOINT WARNING * * *
You feel sick.
It was a potion of invisibility.
You fade into invisibility!
* * * LOW HITPOINT WARNING * * *
You feel sick.
The goblin hits you with a +1 dagger of venom.
* * * LOW HITPOINT WARNING * * *
You are more poisoned.
The goblin hits you with a +0 dagger.
Robin hits you from afar with a +3 trident of flaming.
You die...

...# #.# #.#
##.#####.###.#
#.##........#
#.##.##.###.#####
#.##.##.# #.....#
#.##.##.###.###.#
#........##.# #.#
####.###.##.# #g#
#.# #.##.# #@#
#.###.##.# #g#
#........# #g#
#####.#### #.#
#.# #.# # #.# #.#
##### #.# #.#
....# ..# #.#
###.......# #.#


You could see Robin and 2 goblins.

Vanquished Creatures
  A worm (D:1)
  A bat (D:1)
  2 giant cockroaches (D:1)
  7 goblins
  4 hobgoblins (D:1)
  4 jackals (D:1)
  A kobold (D:1)
  3 rats (D:1)
23 creatures vanquished.

Notes
Turn   | Place    | Note
-------+----------+-------------------------------------------
     0 | D:1      | Lanoc the Demonspawn Berserker began the quest for the Orb.
     0 | D:1      | Reached XP level 1. HP: 18/18 MP: 1/1
   112 | D:1      | Gained mutation: When hurt, damage is shared between your
                  | health and your magic reserves. [demonic ancestry]
   112 | D:1      | Reached XP level 2. HP: 24/24 MP: 2/2
   839 | D:2      | Noticed Robin
   883 | D:2      | Reached XP level 3. HP: 26/29 MP: 3/3
   892 | D:2      | Slain by Robin

Vault maps used:
D:1:      dpeg_arrival_brainrot, serial_bayou_lagoon_a
D:2:      uniq_robin, uniq_terence, uniq_jessica

Skill      XL: |  1 |
---------------+----+-----
Armour         | 2 |  2.3
Dodging        | 2 |  2.3
Fighting       | |  3.4
Axes           | |  2.6

Action                   || total
-------------------------++-------
Melee: Hand axe          ||    75
Invok: Berserk           ||     3
  Use: Potion            ||     1
  Eat: Chunk             ||     1
Armor: Animal skin       ||    15
Dodge: Dodged            ||    52

Table legend:
 A = Non-vault XP
 B = Vault XP
 C = Vault XP percentage of total XP
 D = Non-vault monster count
 E = Vault monster count
 F = Vault count percentage of total count
                 A         B        C        D         E       F
            +---------+---------+-------+---------+---------+-------
      Total |      30 |      14 |  31.8 |      17 |       6 |  26.1
            +---------+---------+-------+---------+---------+-------
        D:1 |      30 |       5 |  14.3 |      17 |       1 |   5.6
        D:2 |       0 |       9 | 100.0 |       0 |       5 | 100.0
            +---------+---------+-------+---------+---------+-------
